 Dungeon Crawl Stone Soup version 0.29.0-4-gdea44cf6ec (webtiles) character file.

Game seed: 2824428464637536989

11 qw the Chopper (level 2, 0/17 HPs)
             Began as a Tengu Warper on Aug 28, 2022.
             Succumbed to their own poison gas
             ... on level 1 of the Dungeon.
             The game lasted 00:00:02 (992 turns).

qw the Chopper (Tengu Warper)                        Turns: 992, Time: 00:00:03

Health: 0/17       AC:  8    Str: 11    XL:     2   Next: 25%
Magic:  6/6        EV:  5    Int: 13    God:
Gold:   51         SH:  0    Dex: 13    Spells: 5/5 levels left

rFire   . . .      SeeInvis .   Y - +0 war axe
rCold   . . .      Faith    .   (no shield)
rNeg    . . .      Spirit   .   k - +0 chain mail
rPois   .          Reflect  .   (helmet restricted)
rElec   .          Harm     .   (no cloak)
rCorr   .          Rampage  .   (no gloves)
Will    .....                   (boots unavailable)
Stlth   ..........              (no amulet)
HPRegen 0.05/turn               (no ring)
MPRegen 0.10/turn               (no ring)

@: lethally poisoned (0 -> -4)
A: beak, talons 3
a: no special abilities


You were on level 1 of the Dungeon.
You visited 1 branch of the dungeon, and saw 1 of its levels.

You collected 51 gold pieces.


Innate Abilities, Weirdness & Mutations

You have a beak for a mouth.
You have claws for feet.


   Skills:
 - Level 2.0 Fighting
 + Level 3.2 Axes
 - Level 1.0 Throwing
 - Level 1.1 Armour
 - Level 2.1 Dodging
 - Level 2.0 Spellcasting
 - Level 2.4 Translocations


You had 5 spell levels left.
You didn't know any spells.
Your spell library contained the following spells:

 Spells                   Type           Power      Damage    Failure   Level
 Blink                    Tloc           14%        N/A       100%        2
 Gell's Gravitas          Tloc           7%         N/A       100%        3
 Lesser Beckoning         Tloc           7%         N/A       100%        3
 Teleport Other           Tloc           7%         N/A       100%        3
 Manifold Assault         Tloc           7%         N/A       100%        5

Inventory:

Hand Weapons
 j - a +0 mace of venom
 Y - a +0 war axe (weapon)
Armour
 k - a +0 chain mail (worn)
Potions
 d - a potion of flight {unknown}
 f - a potion of resistance {unknown}

Dungeon Overview and Level Annotations

Branches:
Dungeon (1/15)

Altars:

Shops:
D:1 :

Annotations:
D:1 1 transporter


Message History

It is a scroll of amnesia.
You feel forgetful for a moment.
Partly explored, unvisited transporter.
982 ||| READING scroll labelled ISSUALEPPE.
As you read the scroll labelled ISSUALEPPE, it crumbles to dust.
It is a scroll of identify.
Really abort (and waste the scroll)?
Partly explored, unvisited transporter.
983 ||| READING 2 scrolls labelled DUFROE ZODWUIST.
As you read the scroll labelled DUFROE ZODWUIST, it crumbles to dust.
The air around you briefly surges with heat, but it dissipates.
It was a scroll of immolation.
Partly explored, unvisited transporter.
984 ||| DROPPING scroll of blinking.
You drop a scroll of blinking.
Partly explored, unvisited transporter.
985 ||| DROPPING scroll of immolation.
You drop a scroll of immolation.
Partly explored, unvisited transporter.
(D) Dungeon
Where to? (* - list waypoints, ? - help)
What level of the Dungeon? (default 1, ? - help) Sorry, I don't know how to get there.
Partly explored, unvisited transporter.
986 ||| Stepping randomly (stuck).
Really walk into that cloud of poison gas?
You are engulfed in poison gas.
You are lethally poisoned!
You feel very sick.
987 ||| Stepping ~*~*~tactically~*~*~ (cloud).
You feel very sick.
Things that are here:
a scroll of immolation; a scroll of blinking; a +0 leather armour
There is a lethal amount of poison in your body!
You feel sick.
There is a lethal amount of poison in your body!
You feel sick.
There is a lethal amount of poison in your body!
You feel sick.
There is a lethal amount of poison in your body!
You feel sick.
There is a lethal amount of poison in your body!
You die...

####....####........
#.......+........
#....####........
##..## ##.......
#.## ##.....# #.#
##...## ###.#####
##'## #0.00000# #.#
#@#.###.# ####.##
#0#.#...# #.....#
#.#...#.# #.....##
#.###...# #.......
#0# ##..# #.....##
#.####..# #.....#
#.ยค.....#####..##
######.........#
#########.#


There were no monsters in sight!

Vanquished Creatures
  4 bats (D:1)
  2 endoplasms (D:1)
  2 hobgoblins (D:1)
  A ball python (D:1)
  A frilled lizard (D:1)
  A rat (D:1)
11 creatures vanquished.

Vanquished Creatures (others)
  2 plants (D:1)
2 creatures vanquished.

Grand Total: 13 creatures vanquished

Notes
Turn   | Place    | Note
-------+----------+-------------------------------------------
     0 | D:1      | qw the Tengu Warper began the quest for the Orb.
     0 | D:1      | Reached XP level 1. HP: 12/12 MP: 4/4
     0 | D:1      | 0 ||| qw: Version: 0.1-a-89-g26bdef1
     0 | D:1      | 0 ||| qw: Game counter: 423
     0 | D:1      | 0 ||| qw: Always use a shield: true
     0 | D:1      | 0 ||| qw: God list: Okawaru
     0 | D:1      | 0 ||| qw: Allow faded altars: false
     0 | D:1      | 0 ||| qw: Do Orc after D:15 true
     0 | D:1      | 0 ||| qw: Do second Lair branch before Depths: true
     0 | D:1      | 0 ||| qw: Lair rune preference: random
     0 | D:1      | 0 ||| qw: Plans: Normal
     0 | D:1      | 0 ||| PLANNING D:1-11
   185 | D:1      | Found a faded altar of an unknown god.
   374 | D:1      | 374 ||| SWAPPING to +0 war axe.
   382 | D:1      | 382 ||| DROPPING +0 hand axe.
   541 | D:1      | Found Risimug's Book Shoppe.
   577 | D:1      | Reached XP level 2. HP: 17/17 MP: 6/6
   620 | D:1      | Reached skill level 3 in Axes
   969 | D:1      | 969 ||| UPGRADING to +0 chain mail.
   979 | D:1      | 979 ||| DROPPING +0 leather armour.
   980 | D:1      | 980 ||| READING scroll labelled KAWIHEI SASTI.
   981 | D:1      | 981 ||| READING scroll labelled ABOSTR XARHIOR.
   982 | D:1      | 982 ||| READING scroll labelled ISSUALEPPE.
   983 | D:1      | 983 ||| READING 2 scrolls labelled DUFROE ZODWUIST.
   984 | D:1      | 984 ||| DROPPING scroll of blinking.
   985 | D:1      | 985 ||| DROPPING scroll of immolation.
   986 | D:1      | 986 ||| Stepping randomly (stuck).
   987 | D:1      | 987 ||| Stepping ~*~*~tactically~*~*~ (cloud).
   989 | D:1      | HP: 4/17 [poisoned by you (poison gas)]
   991 | D:1      | HP: 1/17 [poisoned by you (poison gas)]
   992 | D:1      | Succumbed to their own poison gas

Levels and vault maps discovered:
D:1:      spicycebolla_arrival_risky_transporter, layout_loops_corners,
          ebering_ecumenical_altar_sacrificial, serial_shops,
          nicolae_shop_statue_plus, grunt_decor_junction, serial_bayou_crossing

Skill      XL: |  1  2 |
---------------+-------+-----
Axes           | 3 |  3.2
Fighting       | |  2.0
Throwing       | |  1.0
Armour         | |  1.1
Dodging        | |  2.1
Spellcasting   | |  2.0
Translocations | |  2.4

Action                   || total
-------------------------++-------
Melee: Hand axe          ||    12
       War axe           ||    13
       Kick              ||     2
       Peck              ||     2
Throw: Boomerang         ||     7
  Use: Scroll            ||     4
Armor: Leather armour    ||    15
Dodge: Dodged            ||    15

Table legend:
 A = Non-vault XP
 B = Vault XP
 C = Vault XP percentage of total XP
 D = Non-vault monster count
 E = Vault monster count
 F = Vault count percentage of total count
                 A         B        C        D         E       F
            +---------+---------+-------+---------+---------+-------
      Total |      16 |       0 |   0.0 |      11 |       0 |   0.0
            +---------+---------+-------+---------+---------+-------
        D:1 |      16 |       0 |   0.0 |      11 |       0 |   0.0
            +---------+---------+-------+---------+---------+-------
